 Dungeon Crawl Stone Soup version 0.26-a0-660-gc07710193c (console) character file.

Game seed: 2074184676897402244

11006 om the Frost Mage (level 11, 0/63 HPs)
             Began as a Gargoyle Ice Elementalist on Oct 6, 2020.
             Was an Elder of Zin.
             Slain by a dire elephant (25 damage)
             ... in a Gauntlet.
             The game lasted 00:43:52 (15951 turns).

om the Frost Mage (Gargoyle Ice Elementalist)      Turns: 15951, Time: 00:43:52

Health: 0/63       AC: 23    Str: 34    XL:     11   Next: 71%
Magic:  12/22      EV: 14    Int: 15    God:    Zin [****..]
Gold:   603        SH:  0    Dex: 13    Spells: 14/25 levels left

rFire    x . .     SeeInvis .   y - +0 whip
rCold    + . .     Faith    .   (no shield)
rNeg     + . .     Spirit   .   c - +5 scale mail "Odghar" {rElec rF- rC+ Str+8 Dex+3}
rPois    ∞         Reflect  .   (no helmet)
rElec    +         Harm     .   w - +0 cloak
rCorr    .         Rampage  .   H - +0 pair of gloves
MR       .....     NoTele   +   (no boots)
Stlth    ++........             B - amulet "Femaq" {Regen+ Str+4}
HPRegen  0.60/turn              M - +6 ring of strength
MPRegen  0.18/turn              F - +4 ring of slaying

@: frozen ramparts, flying
A: negative energy resistance 1, electricity resistance, unbreathing,
petrification resistance, rot immunity, AC +8
a: Recite, Vitalisation, Imprison, Donate Gold, Renounce Religion


You were in a Gauntlet.
You worshipped Zin.
Zin was greatly pleased with you.
You visited 2 branches of the dungeon, and saw 12 of its levels.
You also visited: Sewer, Ossuary and Gauntlet.

You collected 670 gold pieces.
You donated 67 gold pieces to Zin.

Inventory:

Hand Weapons
 b - a +0 club
 u - a +2 whip of distortion
 x - a +0 flail
 y - a +0 whip (weapon)
 I - a +4 scimitar of flaming
Armour
 a - a +0 robe
 c - the +5 scale mail "Odghar" (worn) {rElec rF- rC+ Str+8 Dex+3}
   (You found it on level 4 of the Dungeon)

   It affects your strength (+8).
   It affects your dexterity (+3).
   It makes you vulnerable to fire.
   It protects you from cold.
   It insulates you from electricity.
 w - a +0 cloak (worn)
 H - a +0 pair of gloves (worn)
Jewellery
 f - an uncursed amulet of magic regeneration
 v - an uncursed ring of positive energy
 B - the amulet "Femaq" (around neck) {Regen+ Str+4}
   (You found it in a Gauntlet)

   [amulet of regeneration]

   It affects your strength (+4).
   It increases your rate of regeneration.
 F - a +4 ring of slaying (right hand)
 M - a +6 ring of strength (left hand)
Wands
 z - a wand of paralysis (9)
 C - a wand of flame (48)
 D - a wand of iceblast (9)
 E - a wand of digging (5)
Scrolls
 d - 5 scrolls of enchant weapon
 g - 3 scrolls of fear
 h - 3 scrolls of fog
 j - a scroll of amnesia
 k - a scroll of holy word {unknown}
 l - a scroll of enchant armour
 o - 2 scrolls of remove curse
 q - 2 scrolls of random uselessness
 J - a scroll of brand weapon {unknown}
 L - 3 scrolls of teleportation
 N - 2 scrolls of identify
Potions
 e - 4 potions of stabbing
 i - 4 potions of haste
 m - 2 potions of ambrosia
 n - 3 potions of curing
 p - 2 potions of flight
 r - 2 potions of might
 s - a potion of degeneration
 t - 2 potions of magic
 A - a potion of brilliance
 K - a potion of cancellation
 O - a potion of berserk rage {unknown}


   Skills:
 - Level 5.0 Fighting
 - Level 5.0 Maces & Flails
 * Level 6.9 Armour
 + Level 6.4 Dodging
 - Level 7.0 Stealth
 * Level 7.5 Spellcasting
 * Level 9.4 Ice Magic
 - Level 5.0 Invocations


You had 14 spell levels left.
You knew the following spells:

 Your Spells              Type           Power        Failure   Level
a - Freeze                Ice            ####         1%          1
b - Frozen Ramparts       Ice            ####..       1%          3
c - Ozocubu's Armour      Ice            ####....     1%          3
d - Hailstorm             Conj/Ice       ###.....     32%         4

Your spell library contained the following spells:

 Spells                   Type           Power        Failure   Level
 Apportation              Tloc           #.....       22%         1
 Summon Ice Beast         Ice/Summ       ###.....     32%         4
 Lesser Beckoning         Tloc           #.........   56%         3
 Tukima's Dance           Hex            #.......     56%         3
 Alistair's Intoxication  Tmut/Pois      #........    99%         5
 Invisibility             Hex            #.......     100%        6


Dungeon Overview and Level Annotations

Branches:
Dungeon (11/15)            Temple (1/1) D:4            Lair (0/6) D:8
    Orc (0/2) D:10          Sewer (visited)         Ossuary (visited)
Gauntlet (1/1)

Altars:
Ashenzari
Cheibriados
Dithmenos
Elyvilon
Fedhas
Hepliaklqana
Kikubaaqudgha
Makhleb
Nemelex Xobeh
Okawaru
Qazlal
Ru
Sif Muna
Trog
Uskayaw
Vehumet
Wu Jian
Xom
Yredelemnul
Zin
The Shining One

Shops:
D:6 [*

Portals:
Trove: D:10 (give +3 ice dragon scales)

Annotations:
D:3 exclusion: oklob plant, Grinder
D:6 2 transporters
D:7 3 runed translucent doors, TigOlBitties's ghost, novice DEEE
D:8 Maurice
D:9 exclusion: obsidian statue, Fannar
D:10 2 transporters, quaternion's ghost, novice TrMo Gauntlet 13 transporters, exclusion: orange crystal statue


Innate Abilities, Weirdness & Mutations

You are resistant to torment.
Your stone body is resilient. (AC +8)
You are immune to poison.
You resist negative energy. (rN+)
You are resistant to electric shocks. (rElec)
You can survive without breathing.
You are immune to petrification.
You are immune to rotting.


Message History

The wall freezes the dire elephant.
The dire elephant tramples you!!
You hold your ground!
The dire elephant trunk-slaps you.
* * * LOW HITPOINT WARNING * * *
The elephant splashes around in the water.
The elephant trunk-slaps you.
* * * LOW HITPOINT WARNING * * *
You feel much better.
The wall freezes the dire elephant!
The dire elephant tramples you!!
You hold your ground!
The dire elephant trunk-slaps you but does no damage.
The elephant tramples you but does no damage.
The elephant closely misses you.
You feel very buoyant.
You fly up into the air.
The frozen ramparts melt away.
The dire elephant misses you.
The dire elephant trunk-slaps you but does no damage.
The elephant barely misses you. x2
Casting: Freeze (safe; 1% risk of failure)
Confirm with . or Enter, or press ? or * to list all spells.
The walls around you are covered in ice.
The death yak bellows!
The wall freezes the dire elephant!
The dire elephant tramples you!!
You die...

§§∩≈.............................
§§...............................
##.###########.###########.######
##.#YY#.©.#?[#.#[.≈.©=.≈!#.#.....
.#.##w.#w#..##.#.≈...≈.≈.#.#..###
.#.#Y#..#..#.#.#.≈≈...≈..#.#.##5#
.#.#..#...#..#.#.≈.≈≈≈.≈.#.#.#.#.
.#.##..#.#..##.#≈..≈©≈.≈≈#.#.#.#©
.#.#.#..#Y.#.#.#≈.≈...≈..#.#.#.#.
.#.#..#.©.#YY#.#.≈.≈≈.≈≈.#.#4#.##
Z#.#..w#Y#..w#.#@Y..≈..≈.#.#.##.#
##.#.YY.#....#.#.Y≈≈...≈.#.#=)##.
#################################
≈≈8≈≈≈≈#©...........©...........©
####################.############
..©.........©#§§8§≈#.#...........
####################.#...........
..©....#.#.........#.#..#########
.#.#...#.#.#.#.#.#.#.#..#8# #8# #
..#....#.#..#.#.#..#.#..### ### #
..#..#.#.#.#.#.#.#.#.#..#


You could see a dire elephant, 3 death yaks, an elephant and a torpor snail.

Vanquished Creatures
  Erolcha (D:10)
  Harold (D:9)
  Erica (D:8)
  A hydra (D:11)
  A two-headed ogre (D:8)
  A death scarab (Gauntlet)
  A spectral catoblepas (Gauntlet)
  Psyche (D:10)
  3 komodo dragons (D:8)
  A hornet (D:10)
  A ynoxinul (Gauntlet)
  A wraith (D:11)
  A basilisk (D:8)
  A wyvern (D:10)
  A water moccasin (D:10)
  5 orc warriors
  A sky beast (D:10)
  A swamp drake (D:8)
  A black bear (D:6)
  2 ice beasts (D:8)
  3 ogres
  A phantom (D:10)
  4 centaurs
  2 big kobolds (D:11)
  4 bullfrogs
  A wyvern skeleton (D:6)
  A scorpion (D:10)
  3 killer bees (D:10)
  5 howler monkeys
  7 centaur zombies (Ossuary)
  A bullfrog zombie (D:5)
  10 orc priests
  5 hounds
  10 orc wizards
  A centaur skeleton (D:11)
  A bullfrog skeleton (D:10)
  3 iron imps (Gauntlet)
  4 iguanas
  8 worker ants
  4 big kobold zombies (Ossuary)
  6 mummies
  Robin (D:3)
  23 adders
  9 gnolls
  A howler monkey skeleton (D:8)
  A shadow imp (D:7)
  4 white imps
  4 ufetubi
  8 oozes
  An adder skeleton (D:6)
  5 worms
  A dart slug (D:3)
  17 leopard geckos
  50 orcs
  9 ball pythons (Sewer)
  16 giant cockroaches
  2 gnoll zombies (D:6)
  12 hobgoblins
  12 jackals
  18 kobolds
  6 quokkas
  7 bats
  15 frilled lizards
  14 goblins
  2 goblin zombies (D:8)
  7 rats
356 creatures vanquished.

Vanquished Creatures (others)
  26 demonic plants (Gauntlet)
  8 fungi
  10 plants
44 creatures vanquished.

Grand Total: 400 creatures vanquished

Notes
Turn   | Place    | Note
-------+----------+-------------------------------------------
     0 | D:1      | om the Gargoyle Ice Elementalist began the quest for the
                  | Orb.
     0 | D:1      | Reached XP level 1. HP: 10/10 MP: 3/3
   217 | D:1      | Reached XP level 2. HP: 15/15 MP: 1/5
  1146 | D:2      | Reached XP level 3. HP: 17/19 MP: 2/6
  1424 | D:2      | Learned a level 3 spell: Frozen Ramparts
  1510 | D:2      | Reached XP level 4. HP: 17/24 MP: 3/7
  1616 | D:2      | Noticed an air elemental
  1702 | D:2      | Found a stormy altar of Qazlal.
  1704 | D:2      | Noticed an earth elemental
  1705 | D:2      | Noticed a water elemental
  1705 | D:2      | Noticed a fire elemental
  2365 | D:3      | Reached skill level 5 in Ice Magic
  2446 | D:3      | Reached XP level 5. HP: 21/28 MP: 7/9
  2771 | D:3      | Found a blossoming altar of Fedhas.
  2784 | D:3      | Noticed an oklob plant
  2966 | D:3      | Noticed Robin
  2973 | D:3      | Killed Robin
  3101 | D:3      | Reached XP level 6. HP: 28/32 MP: 6/10
  3241 | D:3      | Noticed Grinder
  3484 | D:4      | Reached skill level 1 in Fighting
  3524 | D:4      | Got a warped scale mail
  3884 | D:4      | Found a glowing drain.
  3888 | Sewer    | Entered a sewer
  4064 | Sewer    | Reached skill level 1 in Maces & Flails
  4607 | Sewer    | Reached XP level 7. HP: 38/38 MP: 8/11
  4651 | Sewer    | Reached skill level 6 in Ice Magic
  5151 | D:4      | Found a shadowy altar of Dithmenos.
  5162 | D:4      | Found an iron altar of Okawaru.
  5441 | D:4      | Found a staircase to the Ecumenical Temple.
  5489 | Temple   | Entered the Ecumenical Temple
  5642 | D:5      | Entered Level 5 of the Dungeon
  5661 | D:5      | Found a burning altar of Makhleb.
  5670 | D:5      | Reached skill level 5 in Stealth
  5993 | D:5      | Reached XP level 8. HP: 18/46 MP: 6/12
  7419 | D:6      | Noticed a slime creature
  7420 | D:6      | Found an ornate altar of the Wu Jian Council.
  7421 | D:6      | Found a transporter.
  7625 | D:6      | Found a transporter.
  7688 | D:6      | Found a basalt altar of Yredelemnul.
  7811 | D:6      | Found Zin's Purification Station.
  8146 | D:6      | Found a glowing silver altar of Zin.
  8687 | D:6      | Reached XP level 9. HP: 53/53 MP: 11/13
  8849 | D:6      | Found Joall's Antique Armour Boutique.
  8885 | D:6      | Identified the +5 scale mail "Odghar" {rElec rF- rC+ Str+8
                  | Dex+3} (You found it on level 4 of the Dungeon)
  9359 | D:7      | Reached skill level 5 in Fighting
  9359 | D:7      | Reached skill level 1 in Armour
  9520 | D:7      | Found a glowing golden altar of the Shining One.
  9652 | D:6      | Became a worshipper of Zin the Law-Giver
  9652 | D:6      | Reached * piety under Zin
  9652 | D:6      | Reached ** piety under Zin
  9723 | D:7      | Got a scintillating bronze ring
  9946 | D:7      | Found a runed translucent gate.
  9947 | D:7      | Found a runed translucent gate.
  9947 | D:7      | Found a runed translucent gate.
  9947 | D:7      | Noticed TigOlBitties's ghost (novice DEEE)
  9948 | D:7      | Noticed a kobold demonologist
 10427 | D:8      | Noticed Erica
 10429 | D:8      | Noticed Maurice
 10603 | D:8      | Killed Erica
 10603 | D:8      | Reached skill level 5 in Maces & Flails
 10603 | D:8      | Reached skill level 5 in Dodging
 10603 | D:8      | Reached skill level 1 in Invocations
 10660 | D:8      | Found a sand-covered staircase.
 10678 | Ossuary  | Entered an ossuary
 10804 | Ossuary  | Reached XP level 10. HP: 16/59 MP: 16/16
 11217 | D:8      | Reached *** piety under Zin
 11259 | D:8      | Reached skill level 7 in Ice Magic
 11287 | D:8      | Identified the cursed ring of Incredulity {AC-4 Int+2
                  | Dex+3} (You found it on level 7 of the Dungeon)
 11544 | D:7      | Learned a level 3 spell: Ozocubu's Armour
 11717 | D:8      | Noticed a two-headed ogre
 11736 | D:8      | Killed a two-headed ogre
 11736 | D:8      | Reached skill level 5 in Armour
 11736 | D:8      | Reached skill level 5 in Spellcasting
 11798 | D:8      | Found a staircase to the Lair.
 11969 | D:8      | Reached **** piety under Zin
 12256 | D:8      | Found a broken altar of Ashenzari.
 12376 | D:8      | Found a bloodstained altar of Trog.
 12376 | D:8      | Found a shimmering altar of Xom.
 12506 | D:9      | Reached skill level 8 in Ice Magic
 12537 | D:9      | Found a radiant altar of Vehumet.
 12604 | D:9      | Noticed Harold
 12626 | D:9      | Killed Harold
 12731 | D:9      | Learned a level 4 spell: Hailstorm
 12894 | D:9      | Noticed an obsidian statue
 13286 | D:10     | Entered Level 10 of the Dungeon
 13286 | D:10     | Found a staircase to the Orcish Mines.
 13302 | D:10     | Found a transporter.
 13333 | D:10     | Reached XP level 11. HP: 63/63 MP: 20/20
 13340 | D:10     | Noticed quaternion's ghost (novice TrMo)
 13341 | D:10     | Noticed a skeletal warrior
 13345 | D:10     | Noticed a death knight
 13346 | D:10     | Found a transporter.
 13376 | D:10     | Noticed Fannar
 13928 | D:10     | Noticed Psyche
 13949 | D:10     | Killed Psyche
 14184 | D:10     | Noticed Erolcha
 14202 | D:10     | Killed Erolcha
 14387 | D:10     | Found a portal to a secret trove of treasure.
 14616 | D:11     | Reached skill level 9 in Ice Magic
 14659 | D:11     | Noticed a four-headed hydra
 14691 | D:11     | Killed a four-headed hydra
 14717 | D:11     | Noticed a white ugly thing
 14733 | D:11     | Found a gate leading to a gauntlet.
 14742 | Gauntlet | Entered a Gauntlet
 14742 | Gauntlet | Found a transporter.
 14906 | Gauntlet | Noticed a death scarab
 14911 | Gauntlet | Found a transporter.
 14911 | Gauntlet | Noticed a spectral catoblepas
 14926 | Gauntlet | Found a transporter.
 14931 | Gauntlet | Found a transporter.
 14932 | Gauntlet | Noticed a blizzard demon
 14946 | Gauntlet | Found a transporter.
 14965 | Gauntlet | Found a transporter.
 14965 | Gauntlet | Noticed a dire elephant
 14975 | Gauntlet | Noticed a death yak
 14977 | Gauntlet | Found a transporter.
 14977 | Gauntlet | Noticed a death yak
 14979 | Gauntlet | Noticed a death yak
 14986 | Gauntlet | Noticed a death drake
 14989 | Gauntlet | Found a transporter.
 15001 | Gauntlet | Found a transporter.
 15001 | Gauntlet | Noticed an orange crystal statue
 15013 | Gauntlet | Found a transporter.
 15019 | Gauntlet | Found a transporter.
 15019 | Gauntlet | Found a transporter.
 15058 | Gauntlet | Found a transporter.
 15083 | Gauntlet | Found a transporter.
 15085 | Gauntlet | Found a transporter.
 15105 | Gauntlet | Found a transporter.
 15183 | Gauntlet | Found a transporter.
 15203 | Gauntlet | Found a transporter.
 15532 | Gauntlet | Reached skill level 5 in Invocations
 15726 | Gauntlet | Killed a death scarab
 15774 | Gauntlet | Killed a spectral catoblepas
 15871 | Gauntlet | Got a scintillating graven amulet
 15891 | Gauntlet | Identified the amulet "Femaq" {Regen+ Str+4} (You found it
                  | in a Gauntlet)
 15951 | Gauntlet | Slain by a dire elephant

Illustrated notes

Levels and vault maps discovered:
D:1:      lightli_arrival_flooded_house, layout_rooms
D:2:      layout_basic, nicolae_qazlal_style_of_elements
D:3:      layout_basic, minmay_misc_feat_doors, tgw_fedhas, uniq_grinder,
          uniq_robin
D:4:      layout_rooms, kennysheep_mini_moat, temple_pool_b,
          gup_sewer_entry_bowl, okawaru_metal_pillars_1_2
D:5:      layout_basic, marbit_many_paths, old_standard_altar, basic_altar,
          minmay_misc_feat_ornament, minmay_misc_feat_rugged, dk_noncrumbling_3
D:6:      layout_loops_ring, zin_purify, lemuel_zombie_altar_yredelemnul,
          gammafunk_temple_overflow_arena, serial_shops, nicolae_shop_crystal
D:7:      layout_loops_corners, kennysheep_little_box,
          gammafunk_ghost_nasty_kobolds
D:8:      layout_basic, ashenzari_conservatory_becter,
          gammafunk_temple_overflow_wave, erik_lair_dragon,
          nicolae_ossuary_entry_giza, uniq_erica, uniq_maurice
D:9:      layout_loops_ring, vehumet_altar_wand_db, chequers_jeans,
          minmay_statue_bubble, uniq_harold
D:10:     layout_long_grid, gammafunk_ghost_mausoleum, enter_trove_1,
          uniq_psyche, uniq_erolcha, uniq_fannar
D:11:     layout_cross, gauntlet_entry_generic, serial_bayou_pond_c
Temple:   nicolae_temple_figure_zero
Gauntlet: gammafunk_gauntlet_one_two_three [nicolae_gauntlet_arena_t_cross,
          gammafunk_gauntlet_arena_hedges, gammafunk_gauntlet_arena_grid,
          nicolae_gauntlet_arena_blocks, gammafunk_gauntlet_arena_teeth,
          nicolae_gauntlet_arena_x, gammafunk_gauntlet_arena_arrow_garden,
          nicolae_gauntlet_arena_flowing_pool, gammafunk_gauntlet_arena_spirals,
          gauntlet_exit_watery]

Skill      XL: |  1  2  3  4  5  6  7  8  9 10 11 |
---------------+----------------------------------+-----
Dodging        | 2 3 4 5 6 |  6.4
Stealth        | 3 4 5 6 7 |  7.0
Ice Magic      | 5 6 8 9 |  9.4
Spellcasting   | 3 4 6 7 |  7.5
Fighting       | 1 3 4 5 |  5.0
Maces & Flails | 1 2 4 5 |  5.0
Armour         | 4 5 6 |  6.9
Invocations    | 2 4 5 |  5.0

Action                   |  1- 3 |  4- 6 |  7- 9 | 10-12 || total
-------------------------+-------+-------+-------+-------++-------
Melee: Club              |    61 |   131 |    39 |       ||   231
       Unarmed           |     1 |       |       |       ||     1
       Whip              |       |       |   280 |   323 ||   603
 Cast: Freeze            |    22 |    35 |    32 |    53 ||   142
       Frozen Ramparts   |     2 |    25 |    62 |    41 ||   130
Invok: Recite            |       |       |    11 |    17 ||    28
Evoke: Wand              |       |       |     3 |     5 ||     8
  Use: Scroll            |       |     6 |    10 |    11 ||    27
       Potion            |       |       |     5 |     4 ||     9
 Stab: Sleeping          |     2 |     1 |     2 |     1 ||     6
       Paralysed         |       |       |     6 |       ||     6
       Distracted        |       |       |     1 |       ||     1
       Confused          |       |       |       |     5 ||     5
       Invisible         |       |       |       |     1 ||     1
Armor: Robe              |    27 |    74 |    83 |       ||   184
       Scale mail        |       |       |   205 |   197 ||   402
Dodge: Dodged            |    71 |   147 |   404 |   263 ||   885

Table legend: (Time is in decaauts)
 A = Elapsed time spent in this place.
 B = Non-inter-level travel time spent in this place.
 C = Inter-level travel time spent in this place.
 D = Time resting spent in this place.
 E = Time spent auto-exploring this place.
 F = Levels seen in this place.
 G = Mean time per level.
                   A        B        C        D        E       F      G
               +--------+--------+--------+--------+--------+-----+--------+
         Total |  16082 |  15661 |    421 |   4945 |   6912 |  15 | 1072.1 |
       Dungeon |  13105 |  12695 |    410 |   3743 |   6215 |  11 | 1191.4 |
        Temple |    117 |    107 |     10 |      0 |    107 |   1 |  117.0 |
         Sewer |   1271 |   1271 |      0 |    743 |    140 |   1 | 1271.0 |
       Ossuary |    383 |    383 |      0 |    197 |     24 |   1 |  383.0 |
      Gauntlet |   1204 |   1204 |      0 |    262 |    426 |   1 | 1204.0 |
               +--------+--------+--------+--------+--------+-----+--------+

Top non-repeatable levels by time:
     D:6: 1807 daAuts
     D:5: 1806 daAuts
     D:2: 1559 daAuts
     D:8: 1505 daAuts
     D:7: 1331 daAuts
   Sewer: 1271 daAuts
Gauntlet: 1204 daAuts
    D:10: 1091 daAuts
     D:3: 1084 daAuts
     D:9: 1009 daAuts
     D:1: 889 daAuts
     D:4: 875 daAuts
 Ossuary: 383 daAuts
    D:11: 144 daAuts
  Temple: 117 daAuts
